 Dungeon Crawl Stone Soup version 0.28-a0-1435-g82390b3a13 (webtiles) character file.

Game seed: 18300043812273117530

3227 browni3141 the Blocker (level 10, -6/70 HPs)
             Began as a Human Fighter on Jan 9, 2022.
             Was a Believer of Okawaru.
             Killed from afar by a gargoyle (15 damage)
             ... with a stone arrow
             ... on level 10 of the Dungeon.
             The game lasted 00:14:02 (7405 turns).

browni3141 the Blocker (Human Fighter)              Turns: 7405, Time: 00:14:02

Health: -6/70      AC: 11    Str: 22    XL:     10   Next: 18%
Magic:  10/11      EV:  9    Int:  8    God:    Okawaru [**....]
Gold:   516        SH: 11    Dex: 12    Spells: 9/9 levels left

rFire   . . .      SeeInvis .   a - +0 long sword (freeze)
rCold   + . .      Faith    +   K - +0 kite shield
rNeg    . . .      Spirit   .   i - +3 ring mail
rPois   +          Reflect  .   p - +1 helmet
rElec   .          Harm     .   (no cloak)
rCorr   .          Rampage  .   m - +0 pair of gloves
Will    .....                   (no boots)
Stlth   +.........              f - amulet of faith
HPRegen 0.21/turn               e - ring of protection from cold
MPRegen 0.12/turn               C - ring of poison resistance

@: no status effects
A: no striking features
a: Renounce Religion, Heroism


You were on level 10 of the Dungeon.
You worshipped Okawaru.
Okawaru was pleased with you.
You visited 2 branches of the dungeon, and saw 10 of its levels.

You collected 516 gold pieces.

Inventory:

Hand Weapons
 a - a +0 long sword of freezing (weapon)
 b - a +0 hunting sling
 k - a +0 giant club
 w - a +0 giant spiked club
 I - a +0 giant club
Missiles
 q - 68 sling bullets
 E - 8 boomerangs (quivered)
Armour
 c - a +0 buckler
 h - a +0 plate armour
 i - a +3 ring mail (worn)
 m - a +0 pair of gloves (worn)
 p - a +1 helmet (worn)
 r - a +0 scale mail
 K - a +0 kite shield (worn)
Jewellery
 e - a ring of protection from cold (left hand)
 f - an amulet of faith (around neck)
 l - an amulet of magic regeneration
 C - a ring of poison resistance (right hand)
 F - an amulet of regeneration
 G - a ring of see invisible
Wands
 L - a wand of flame (18)
 N - a wand of acid (9)
Scrolls
 d - a scroll of brand weapon
 g - a scroll of silence
 n - a scroll of fear
 s - a scroll of noise
 u - 2 scrolls of enchant weapon {unknown}
 v - 2 scrolls of enchant armour {unknown}
 y - 4 scrolls of teleportation {unknown}
 z - a scroll of summoning {unknown}
 D - a scroll of magic mapping {unknown}
 M - a scroll of fog {unknown}
Potions
 j - 3 potions of flight {unknown}
 o - 3 potions of curing {unknown}
 x - a potion of attraction {unknown}
 A - a potion of cancellation {unknown}
 B - 3 potions of magic
 J - a potion of lignification {unknown}


   Skills:
 - Level 3.0 Fighting
 + Level 7.9 Long Blades
 * Level 2.5 Slings
 - Level 3.0 Armour
 * Level 10.5 Shields
 + Level 1.8 Invocations
 + Level 3.5 Evocations


You had 9 spell levels left.
You didn't know any spells.
Your spell library contained the following spells:

 Spells                   Type           Power      Damage    Failure   Level
 Frozen Ramparts          Ice            0%         1d2       99%         3
 Ignite Poison            Fire/Tmut/Pois 0%         N/A       99%         3
 Mephitic Cloud           Conj/Pois/Air  0%         N/A       99%         3
 Stone Arrow              Conj/Erth      0%         3d7       99%         3
 Ice Form                 Ice/Tmut       0%         N/A       100%        4
 Freezing Cloud           Conj/Ice/Air   0%         6-21      100%        5
 Lehudib's Crystal Spear  Conj/Erth      0%         10d2      100%        8
 Animate Armour           Summ/Erth      Unusable   N/A       N/A         4
 Summon Ice Beast         Ice/Summ       Unusable   N/A       N/A         4

Dungeon Overview and Level Annotations

Branches:
Dungeon (8/15)             Temple (1/1) D:5            Lair (0/6) D:8

Altars:
Cheibriados
Dithmenos
Elyvilon
Fedhas
Gozag
Hepliaklqana
Okawaru
Qazlal
Sif Muna
Trog
Uskayaw
Vehumet
Wu Jian
Xom
Zin

Shops:
D:1 [:*   D:5 :


Message History

You hit the gargoyle but do no damage.
The gargoyle is severely damaged.
The gargoyle hurls a stone arrow at you.
You block the stone arrow.
You hit the gargoyle. You freeze the gargoyle.
The gargoyle is severely damaged.
The gargoyle barely misses you.
You hit the gargoyle but do no damage.
The gargoyle is severely damaged.
You hit the gargoyle but do no damage.
The gargoyle is severely damaged.
You block the gargoyle's attack.
You hit the gargoyle but do no damage.
The gargoyle is severely damaged.
The gargoyle closely misses you.
You hit the gargoyle. You freeze the gargoyle.
The gargoyle is almost destroyed.
The gargoyle hurls a stone arrow at you.
You block the stone arrow.
You completely miss the gargoyle.
The gargoyle is almost destroyed.
The gargoyle hurls a stone arrow at you.
The stone arrow hits you!
* * * LOW HITPOINT WARNING * * *
You hit the gargoyle but do no damage.
The gargoyle is almost destroyed.
You block the gargoyle's attack.
You hit the gargoyle but do no damage.
The gargoyle is almost destroyed.
You feel like a meek peon again.
You closely miss the gargoyle.
The gargoyle is almost destroyed.
The gargoyle hurls a stone arrow at you.
The stone arrow hits you!
* * * LOW HITPOINT WARNING * * *
You hit the gargoyle but do no damage.
The gargoyle is almost destroyed.
The gargoyle hurls a stone arrow at you.
The stone arrow hits you!
You die...

.... ... #..
#.# ##.#####
##......#
#.^...#.####.
##............
#.....@.##≈#
.÷...##.9###
#...# #..≈≈≈≈#
#### #$##9#≈≈≈
#.# ≈≈≈ ≈ ..≈
≈≈≈≈ #..# #≈#≈
#... ≈≈ #...


You could see a gargoyle.

Vanquished Creatures
  Psyche (D:8)
  Grinder (D:5)
  Prince Ribbit (D:6)
  Sigmund (D:2)
  Menkaure (D:5)
  An acid dragon (D:6)
  A water moccasin (D:6)
  An orc warrior (D:7)
  An ice beast (D:7)
  A necrophage (D:6)
  3 black bears
  3 ogres
  2 centaurs
  A phantom (D:3)
  A kobold brigand (D:8)
  3 bullfrogs
  2 gnoll sergeants
  2 scorpions
  A howler monkey (D:6)
  4 hounds
  2 centaur skeletons
  An iguana (D:3)
  Ijyb (D:3)
  A killer bee zombie (D:8)
  A hound skeleton (D:4)
  Robin (D:2)
  9 adders
  11 gnolls
  A shadow imp (D:4)
  4 worms
  4 dart slugs
  5 orcs
  4 ball pythons
  A bat (D:1)
  7 endoplasms
  3 giant cockroaches (D:1)
  14 goblins
  4 hobgoblins
  4 jackals
  2 quokkas (D:3)
  3 frilled lizards (D:1)
  2 kobolds (D:8)
  4 rats
121 creatures vanquished.

Vanquished Creatures (others)
  4 toadstools (D:4)
4 creatures vanquished.

Grand Total: 125 creatures vanquished

Notes
Turn   | Place    | Note
-------+----------+-------------------------------------------
     0 | D:1      | browni3141 the Human Fighter began the quest for the Orb.
     0 | D:1      | Reached XP level 1. HP: 18/18 MP: 1/1
   206 | D:1      | Found Daetz's Armour Emporium.
   221 | D:1      | Reached XP level 2. HP: 22/24 MP: 2/2
   245 | D:1      | Found Lofekh's Assorted Antiques.
   355 | D:1      | Found Dotiwe's Book Shoppe.
   486 | D:1      | Reached XP level 3. HP: 27/29 MP: 3/3
   632 | D:1      | Found a faded altar of an unknown god.
   743 | D:2      | Noticed Robin
   844 | D:2      | Found a snail-covered altar of Cheibriados.
  1216 | D:2      | Reached XP level 4. HP: 35/35 MP: 4/4
  1236 | D:2      | Reached skill level 4 in Shields
  1334 | D:2      | Killed Robin
  1504 | D:2      | Noticed Sigmund
  1507 | D:2      | Killed Sigmund
  1508 | D:2      | Reached XP level 5. HP: 41/41 MP: 5/5
  1508 | D:2      | Reached XP level 6. HP: 47/47 MP: 6/6
  1786 | D:3      | Noticed Ijyb
  1794 | D:3      | Paralysed by Ijyb for 4 turns
  1798 | D:3      | Killed Ijyb
  2008 | D:3      | Reached skill level 5 in Shields
  2384 | D:4      | Noticed a black bear
  2407 | D:3      | Reached XP level 7. HP: 47/52 MP: 7/7
  2664 | D:4      | Reached skill level 6 in Shields
  2993 | D:4      | Reached skill level 5 in Long Blades
  3203 | D:4      | Reached XP level 8. HP: 55/58 MP: 8/8
  3454 | D:5      | Entered Level 5 of the Dungeon
  3454 | D:5      | Noticed Grinder
  3460 | D:5      | Killed Grinder
  3461 | D:5      | Reached skill level 7 in Shields
  3639 | D:5      | Found Koyhey's Book Shoppe.
  3698 | D:5      | Noticed Menkaure
  3710 | D:5      | Killed Menkaure
  3784 | D:5      | Reached skill level 8 in Shields
  3876 | D:5      | Found a staircase to the Ecumenical Temple.
  3883 | Temple   | Entered the Ecumenical Temple
  4105 | Temple   | Became a worshipper of Warmaster Okawaru
  4385 | D:6      | Reached XP level 9. HP: 63/63 MP: 9/9
  4405 | D:6      | Noticed Prince Ribbit
  4429 | D:6      | Killed Prince Ribbit
  4429 | D:6      | Reached * piety under Okawaru
  4431 | D:6      | Reached skill level 9 in Shields
  5804 | D:7      | Reached skill level 10 in Shields
  5949 | D:7      | Reached ** piety under Okawaru
  6584 | D:8      | Reached skill level 1 in Slings
  6599 | D:8      | Reached skill level 1 in Invocations
  6599 | D:8      | Reached XP level 10. HP: 55/70 MP: 8/10
  6685 | D:8      | Noticed a death yak
  6770 | D:8      | Found a staircase to the Lair.
  6770 | D:8      | Noticed a death yak
  6774 | D:8      | Noticed Psyche
  6778 | D:8      | Noticed a death yak
  6778 | D:8      | Noticed a death yak
  6778 | D:8      | Noticed a death yak
  6778 | D:8      | Noticed a death yak
  6785 | D:8      | Killed Psyche
  6785 | D:8      | Reached *** piety under Okawaru
  7375 | D:8      | You fall into a shaft and drop 2 floors!
  7375 | D:10     | Entered Level 10 of the Dungeon
  7382 | D:10     | Noticed a gargoyle
  7405 | D:10     | Killed from afar by a gargoyle

Illustrated notes

Levels and vault maps discovered:
D:1:      minmay_arrival_stair_chambers, layout_rooms, serial_shops,
          nicolae_shop_waterfront, shop, shop,
          dreamdust_ecumenical_altar_angels_and_demons
D:2:      layout_rooms, basic_altar, uniq_robin, uniq_sigmund
D:3:      layout_rooms, uniq_ijyb
D:4:      layout_rooms, minmay_gold_behind_fungi
D:5:      layout_loops_cross, temple_green, serial_shops,
          nicolae_shop_temple_entry_statues_fountains, uniq_menkaure,
          uniq_grinder
D:6:      layout_rooms, uniq_prince_ribbit1
D:7:      layout_loops_ring
D:8:      layout_rooms, ashenzari_altar_1, minitemple,
          mainiacjoe_overflow_concentric_impassable, dpeg_lair_monsters,
          uniq_gastronok, uniq_joseph, uniq_psyche
D:10:     layout_rooms, lightli_temple_of_fire, kiku_gazebo_pond_becter,
          enter_bailey_3, minivault_4, minmay_misc_feat_encased,
          grunt_ogre_cave, hex_large
Temple:   regret_index_temple_generic_petals

Skill      XL: |  1  2  3  4  5  6  7  8  9 10 |
---------------+-------------------------------+-----
Long Blades    | 3 4 5 6 7 |  7.9
Shields        | 4 5 6 8 10 | 10.5
Evocations     | 2 3 |  3.5
Slings         | 1 2 |  2.5
Invocations    | 1 |  1.8
Fighting       | |  3.0
Armour         | |  3.0

Action                   |  1- 3 |  4- 6 |  7- 9 | 10-12 || total
-------------------------+-------+-------+-------+-------++-------
Melee: Long sword        |   100 |    86 |   288 |    54 ||   528
 Fire: Hunting sling     |       |    16 |     4 |       ||    20
Throw: Boomerang         |       |       |     9 |       ||     9
Invok: Heroism           |       |       |     3 |     3 ||     6
Evoke: Wand              |       |     6 |    13 |     4 ||    23
  Use: Scroll            |       |       |     4 |     3 ||     7
       Potion            |       |       |     2 |       ||     2
 Stab: Paralysed         |       |       |    22 |       ||    22
Armor: Scale mail        |    30 |       |       |       ||    30
       Ring mail         |    30 |    49 |   178 |    12 ||   269
Dodge: Dodged            |    55 |    45 |   161 |    12 ||   273
Block: Buckler           |    25 |    21 |    79 |       ||   125
       Kite shield       |       |       |    59 |    23 ||    82

Table legend: (Time is in decaauts)
 A = Elapsed time spent in this place.
 B = Non-inter-level travel time spent in this place.
 C = Inter-level travel time spent in this place.
 D = Time resting spent in this place.
 E = Time spent auto-exploring this place.
 F = Levels seen in this place.
 G = Mean time per level.
                   A        B        C        D        E       F      G
               +--------+--------+--------+--------+--------+-----+--------+
         Total |   7499 |   7161 |    338 |   1000 |   4403 |  10 |  749.9 |
       Dungeon |   7248 |   6937 |    311 |   1000 |   4190 |   9 |  805.3 |
        Temple |    250 |    223 |     27 |      0 |    213 |   1 |  250.0 |
               +--------+--------+--------+--------+--------+-----+--------+

Top non-repeatable levels by time:
     D:7: 1379 daAuts
     D:5: 1070 daAuts
     D:1: 1060 daAuts
     D:6: 1018 daAuts
     D:3: 1004 daAuts
     D:4: 832 daAuts
     D:2: 627 daAuts
  Temple: 250 daAuts
     D:8: 227 daAuts
    D:10: 28 daAuts
